 Dungeon Crawl Stone Soup version 0.27.1-33-g824d729ab1 (webtiles) character file.

Game seed: 199137706392886873

165 comborobin the Cutter (level 5, 36/40 HPs)
             Began as a Djinni Fighter on Dec 28, 2021.
             Was a Follower of Makhleb.
             Quit the game on level 3 of the Dungeon.
             The game lasted 00:01:34 (2443 turns).

comborobin the Cutter (Djinni Fighter)              Turns: 2443, Time: 00:01:35

Health: 36/40      AC:  4    Str: 15    XL:     5   Next: 75%
Gold:   70         EV:  8    Int: 10    God:    Makhleb [*.....] SH:  8 Dex: 13

rFire    + + .     SeeInvis .   a - +2 dagger (venom)
rCold    x . .     Faith    .   b - +0 kite shield
rNeg     . . .     Spirit   .   m - +2 robe
rPois    ∞         Reflect  .   (no helmet)
rElec    .         Harm     .   (no cloak)
rCorr    .         Rampage  .   (no gloves)
Will     .....                  (boots unavailable)
Stlth    +.........             (no amulet)
HPRegen  0.13/turn              (no ring)
MPRegen  0.00/turn              (no ring)

@: flying
A: sickness immunity, fire resistance 2, cold vulnerability 1, float, innate
caster, hp casting, extra vitality 1
a: Renounce Religion


You were on level 3 of the Dungeon.
You worshipped Makhleb.
Makhleb was aware of your devotion.
You visited 1 branch of the dungeon, and saw 3 of its levels.

You collected 70 gold pieces.

Inventory:

Hand Weapons
 a - a +2 dagger of venom (weapon)
Armour
 b - a +0 kite shield (worn)
 f - a +0 scale mail
 m - a +2 robe (worn)
Scrolls
 h - 2 scrolls of enchant weapon {unknown}
 i - a scroll of noise {unknown}
 j - a scroll of teleportation {unknown}
 k - a scroll of amnesia {unknown}
 l - a scroll of identify {unknown}
Potions
 c - a potion of might
 d - a potion of mutation {unknown}
 e - a potion of magic {unknown}
 g - a potion of berserk rage {unknown}
 n - a potion of heal wounds {unknown}
 o - 2 potions of lignification {unknown}


   Skills:
 + Level 3.6 Fighting
 - Level 4.0 Short Blades
 - Level 3.0 Armour
 - Level 3.0 Shields
 - Level 2.2 Unarmed Combat


You had one spell level left.
You knew the following spells:

 Your Spells              Type           Power      Damage    Failure   Level
a - Beastly Appendage     Tmut           0%         N/A       87%         1
b - Poisonous Vapours     Pois/Air       0%         N/A       95%         2
Your spell library was empty.

Dungeon Overview and Level Annotations

Branches:
Dungeon (3/15)

Altars:
Makhleb


Innate Abilities, Weirdness & Mutations

You are immune to sickness and miasma.
You are immune to poison.
Your flesh is very heat resistant. (rF++)
You are vulnerable to cold. (rC-)
You float through the air rather than walking.
You learn spells naturally, not from books.
Your magical power is your life essence.
You have superior vitality. (+4 HP)


Message History

The orc barely misses you.
You hit the orc.
The orc is poisoned.
The orc is heavily wounded.
The orc hits you with a +0 war axe.
You closely miss the orc.
The orc is heavily wounded.
You block the orc's attack. The orc hits you with a +0 war axe.
You hit the orc.
You kill the orc!
You see here a +0 war axe.
Search for what [Enter for "robe", or ? for help]? altar
There is an open door here.
There is an open door here.
A kobold comes into view. It is wielding a +0 dagger.
There is a faded altar of an unknown god here.
You see here a +0 dagger.
You cannot tell which god this altar belongs to.
Convert to them anyway?
Makhleb accepts your prayer! Makhleb welcomes you!
You can now gain health from killing.
You offer a prayer to Makhleb.
Unknown command.
Press < or > to pray at altars.
Are you sure you want to abandon this character and quit the game? (Confirm with "yes".)
Okay, then.
Unknown command.
Press < or > to pray at altars.
The kobold shouts!
A ball python comes into view.
An endoplasm comes into view.
Unknown command.
Press < or > to pray at altars.
Unknown command.
Press < or > to pray at altars.
Are you sure you want to abandon this character and quit the game? (Confirm with "yes".)
Okay, then.
Unknown command.
Press < or > to pray at altars.
Are you sure you want to abandon this character and quit the game? (Confirm with "yes".)
Okay, then.
Are you sure you want to abandon this character and quit the game? (Confirm with "yes".)

.#.#J .SK.. . #####.
....########
.......... ##......#
#.......# .##
#...@...# ....
#<.....##
....###+##.....####
...................
..........#.........
..........##########
.. .................
... ######'#..######
...########.#..#


You could see an endoplasm (wandering), a ball python (wandering) and a kobold.

Vanquished Creatures
  Jessica (D:2)
  Natasha (thrice) (D:2)
  3 adders (D:2)
  2 worms (D:2)
  An orc (D:3)
  A ball python (D:1)
  3 endoplasms
  A hobgoblin (D:1)
  6 jackals
  A quokka (D:1)
  2 bats (D:1)
  2 frilled lizards (D:2)
  3 goblins
  2 kobolds (D:1)
  2 rats (D:1)
33 creatures vanquished.

Notes
Turn   | Place    | Note
-------+----------+-------------------------------------------
     0 | D:1      | comborobin the Djinni Fighter began the quest for the Orb.
     0 | D:1      | Reached XP level 1. HP: 20/20 MP: 0/0
   238 | D:1      | Reached XP level 2. HP: 25/25 MP: 0/0
   239 | D:1      | Reached skill level 1 in Short Blades
   916 | D:2      | Noticed Jessica
   928 | D:2      | Killed Jessica
   929 | D:2      | Reached skill level 2 in Short Blades
   929 | D:2      | Reached XP level 3. HP: 7/30 MP: 0/0
   929 | D:2      | Learned a level 1 spell: Beastly Appendage
  1163 | D:2      | Reached XP level 4. HP: 19/35 MP: 0/0
  1396 | D:2      | Reached skill level 3 in Short Blades
  1782 | D:2      | Noticed Natasha
  1790 | D:2      | Killed Natasha
  1791 | D:2      | Reached XP level 5. HP: 26/40 MP: 0/0
  1791 | D:2      | Learned a level 2 spell: Poisonous Vapours
  1800 | D:2      | Noticed Natasha
  1811 | D:2      | Killed Natasha
  1812 | D:2      | Reached skill level 4 in Short Blades
  2184 | D:2      | Noticed Natasha
  2191 | D:2      | Killed Natasha
  2389 | D:3      | Found a faded altar of an unknown god.
  2441 | D:3      | Became a worshipper of Makhleb the Destroyer
  2441 | D:3      | Reached * piety under Makhleb
  2443 | D:3      | Quit the game

Illustrated notes

Levels and vault maps discovered:
D:1:      minmay_arrival_loop, layout_loops_ring, chequers_decorated_corner
D:2:      layout_loops_cross, ebering_dispersal_statue_hall, uniq_jessica,
          uniq_natasha
D:3:      layout_basic, ebering_ecumenical_altar_sacrificial, minmay_checkerbox

Skill      XL: |  1  2  3  4  5 |
---------------+----------------+-----
Short Blades   | 2 3 4 |  4.0
Fighting       | |  3.6
Armour         | |  3.0
Shields        | |  3.0
Unarmed Combat | |  2.2

Action                   |  1- 3 |  4- 6 || total
-------------------------+-------+-------++-------
Melee: Unarmed           |     9 |       ||     9
       Dagger            |    35 |    66 ||   101
Armor: Scale mail        |    11 |    11 ||    22
       Robe              |       |     8 ||     8
Dodge: Dodged            |     7 |    16 ||    23
Block: Kite shield       |    14 |    32 ||    46
